 Dungeon Crawl Stone Soup version 0.30.0-5-g1a98f26d00 (webtiles) character file.

Game seed: 14368489141007414536

336 Charmandara the Shooter (level 7, 0/52 HPs)
             Began as a Meteoran Hexslinger on May 10, 2023.
             Slain by a centaur zombie (4 damage)
             ... in an ossuary.
             The game lasted 00:09:17 (1047 turns).

Charmandara the Shooter (Meteoran Hexslinger)       Turns: 1047, Time: 00:09:18

Health: 0/52       AC:  3    Str: 12    XL:     7   Next: 10%
Magic:  10/10      EV: 13    Int: 20    God:
Gold:   37         SH:  0    Dex: 17    Spells: 7/8 levels left

rFire   . . .        g - +2 short sword (flame)
rCold   . . .        (no shield)
rNeg    . . .        c - +1 robe
rPois   .            (no helmet)
rElec   .            (no cloak)
rCorr   .            (no gloves)
SInv    .            (no boots)
Will    .....        (no amulet)
Stlth   +            k - +6 ring of intelligence
HPRegen 0.28/turn    h - ring of flight
MPRegen 0.12/turn

%: no passive effects
@: on berserk cooldown, flying, hasted and slowed, glowing
A: sense surroundings 1, otherworldly, glowing, explore regen
a: no special abilities


You were in an ossuary.
You visited 1 branch of the dungeon, and saw 5 of its levels.
You also visited: Ossuary.

You collected 37 gold pieces.

Inventory:

Hand Weapons
 a - a +1 sling
 g - a +2 short sword of flaming (weapon)
Armour
 c - a +1 robe (worn)
 f - an orb of energy
Jewellery
 h - a ring of flight (right hand)
 k - a +6 ring of intelligence (left hand)
 l - a ring of fire
Scrolls
 i - 2 scrolls of teleportation {unknown}
 j - a scroll of fear {unknown}
Potions
 d - a potion of resistance


   Skills:
 - Level 1.1 Fighting
 + Level 7.4 Ranged Weapons
 - Level 2.4 Dodging
 - Level 1.3 Spellcasting
 - Level 3.6 Hexes


You had 7 spell levels left.
You knew the following spells:

 Your Spells              Type           Power      Damage    Failure   Level
a - Slow                  Hex            60%        N/A       3%          1

Your spell library contained the following spells:

 Spells                   Type           Power      Damage    Failure   Level
 Inner Flame              Hex/Fire       8%         N/A       24%         3
 Portal Projectile        Hex/Tloc       16%        N/A       24%         3
 Cause Fear               Hex            7%         N/A       36%         4


Dungeon Overview and Level Annotations

Branches:
Dungeon (5/15) Zot: 1991  Ossuary (1/1) Zot: 543
 Temple: D:4-7

Altars:

Shops:
D:1 (


Innate Abilities, Weirdness & Mutations

You passively map a small area around you.
You are easily found by Zot.
You glow in the dark.
You regain HP and MP as you explore.


Message History

The mummy is heavily damaged.
You hit the mummy. You burn the mummy.
The mummy is almost destroyed.
You are no longer berserk.
You are exhausted.
You feel yourself slow down.
It was a potion of haste.
You feel yourself speed up. The mummy hits you.
* * * LOW HITPOINT WARNING * * *
Okay, then.
Okay, then.
Press: ? - help, v - describe, . - travel
Here: a mummy (almost destroyed)
An open door.
Unknown command.
There is an empty arch of ancient stone here.
Okay, then.
Okay, then.
You aren't carrying any items that you can evoke.
Unknown command.
Okay, then.
Okay, then.
There is a gate leading back out of this place here.
You hit the mummy. You burn the mummy.
You destroy the mummy!
You start waiting.
A centaur zombie comes into view.
You barely miss the centaur zombie. The centaur zombie hits you.
* * * LOW HITPOINT WARNING * * *
The centaur zombie kicks you but does no damage.
Okay, then.
Okay, then.
The centaur zombie hits you.
* * * LOW HITPOINT WARNING * * *
The centaur zombie kicks you.
* * * LOW HITPOINT WARNING * * *
Your extra speed is starting to run out.
The centaur zombie hits you but does no damage.
The centaur zombie completely misses you.
The centaur zombie hits you.
You die...

, , , , * , *,
~ ** ** * * ~
, ~ , * #####
* #..∩# ,
#.Z.# , #..@#
, * * ##'##'
#.'.......M...
*
###'#'#'#'#+#'
# #. .# # ,
*## ## ** *


You could see a centaur zombie.

Vanquished Creatures
  A phantom (D:4)
  A scorpion (D:4)
  A bullfrog zombie (Ossuary)
  A killer bee zombie (Ossuary)
  5 mummies (Ossuary)
  3 gnolls (D:4)
  2 adders
  A worm (D:4)
  A dart slug (D:1)
  A bat (D:1)
  3 endoplasms
  2 giant cockroaches
  2 goblins (D:1)
  4 hobgoblins (D:1)
  2 quokkas
  3 ball pythons
  7 kobolds
  A rat (D:2)
41 creatures vanquished.

Vanquished Creatures (collateral kills)
  A worm (D:4)
1 creature vanquished.

Grand Total: 42 creatures vanquished

Notes
Turn   | Place    | Note
-------+----------+-------------------------------------------
     0 | D:1      | Charmandara the Meteoran Hexslinger began the quest for the
                  | Orb.
     0 | D:1      | Reached XP level 1. HP: 16/16 MP: 3/3
    37 | D:1      | Found Cyjyogikh's Weapon Shop.
    93 | D:1      | Reached XP level 2. HP: 19/23 MP: 5/5
   125 | D:1      | Reached skill level 3 in Ranged Weapons
   222 | D:1      | Reached XP level 3. HP: 28/28 MP: 4/6
   494 | D:3      | Reached skill level 4 in Ranged Weapons
   629 | D:4      | Noticed a scorpion
   629 | D:4      | Noticed a phantom
   643 | D:4      | Killed a phantom
   644 | D:4      | Reached skill level 5 in Ranged Weapons
   644 | D:4      | Reached XP level 4. HP: 28/35 MP: 7/7
   644 | D:4      | Reached XP level 5. HP: 32/40 MP: 8/8
   695 | D:4      | Reached skill level 6 in Ranged Weapons
   695 | D:4      | Reached XP level 6. HP: 27/47 MP: 9/9
   708 | D:5      | Entered Level 5 of the Dungeon
   975 | D:4      | Found a sand-covered staircase.
   984 | Ossuary  | Entered an ossuary
  1011 | Ossuary  | Reached skill level 7 in Ranged Weapons
  1015 | Ossuary  | Reached XP level 7. HP: 9/52 MP: 10/10
  1021 | Ossuary  | HP: 2/52 [mummy (5)]
  1047 | Ossuary  | Slain by a centaur zombie

Illustrated notes

Levels and vault maps discovered:
D:1:      saegor_arrival_simple_c, layout_loops_cross, serial_shops,
          nicolae_shop_getting_attention, serial_forest,
          infiniplex_forest_straight_2, infiniplex_forest_clump_large,
          infiniplex_forest_lined_2, infiniplex_forest_straight_3, st_stairs_5
D:2:      layout_basic, basic_altar, hex_medium
D:3:      layout_basic, uniq_crazy_yiuf_cottage
D:4:      layout_rooms, enter_ossuary_5, kennysheep_generic_room_15
D:5:      layout_cave_pools, mainiacjoe_overflow_24_doors,
          gup_sewer_entry_spiral, nicolae_shop_gadgets, uniq_edmund
Ossuary:  ossuary_zaba_flooded

Skill      XL: |  1  2  3  4  5  6 |
---------------+-------------------+-----
Ranged Weapons | 3 5 6 7 |  7.4
Fighting       | |  1.1
Dodging        | |  2.4
Spellcasting   | |  1.3
Hexes          | |  3.6

Action                     |  1- 3 |  4- 6 |  7- 9 || total
---------------------------+-------+-------+-------++-------
  Melee: Short sword       |     9 |    19 |     7 ||    35
   Fire: Sling             |    89 |    58 |       ||   147
   Cast: Slow              |     3 |     9 |       ||    12
    Use: Scroll            |     5 |     1 |       ||     6
         Potion            |       |     1 |     1 ||     2
 Armour: Robe              |    12 |     2 |     2 ||    16
  Dodge: Dodged            |    30 |    26 |     1 ||    57
